AoeStats
← Jari Emil Sillanpää

Fortress

507543747Analyzed
2v2 RM · 14d ago on Sep 18, 2026· 41m 14s· 4 players
Game mode
Random Map
Map size
Normal (6 player)
Population
200
Speed
Normal
Resources
Standard
Victory
Conquest
Starting age
Dark Age
Ending age
Imperial Age
RankedLock teamsTeams togetherTeam positionsShared explorationLock speedFull tech treeHidden civsTurbo modeCheats
Victory
Defeat
🇫🇮 Slavs · Finland
1505
+16
🇫🇮 Chinese · Finland
1504
+24
🇩🇪 Koreans · Germany
1504
-16
🇫🇷 Bohemians · France
1496
-16
Sunrise1988
7:48 Feudal Age
11:36 Castle Age
9:31 Double-Bit Axe
9:47 Horse Collar
12:33 Bow Saw
12:25 Heavy Plow
17:24 Loom
18:16 Wheelbarrow
18:55 Town Watch
19:56 Heavy Plow
20:41 Hand Cart
24:44 Imperial Age
23:24 Forging
23:14 Scale Mail Armor
24:29 Chemistry
25:07 Chain Mail Armor
24:30 Pikeman
25:10 Squires
24:59 Heavy Scorpion
26:07 Houfnice
30:35 Iron Casting
30:34 Plate Mail Armor
31:06 Halberdier
36:29 Ballistics
38:31 Siege Engineers
PanicWaller
7:24 Feudal Age
8:01 Feudal Age
11:31 Castle Age
9:57 Double-Bit Axe
9:56 Horse Collar
13:28 Bow Saw
13:57 Heavy Plow
16:51 Loom
20:02 Wheelbarrow
19:56 Stone Mining
22:12 Hand Cart
22:40 Town Watch
23:18 Gold Mining
27:08 Imperial Age
25:40 Stone Shaft Mining
24:59 Fletching
25:01 Pikeman
25:41 Squires
26:23 Scale Mail Armor
26:33 Forging
26:19 Bodkin Arrow
27:51 Chain Mail Armor
27:37 Halberdier
28:44 Masonry
29:45 Iron Casting
30:30 Architecture
30:33 Arson
31:24 Conscription
33:28 Bracer
33:59 Plate Mail Armor
34:04 Iron Casting
35:38 Chemistry
34:59 Ballistics
36:37 Husbandry
36:45 Thumb Ring
37:50 Iron Casting
39:27 Elite War Wagon
Jari Emil Sillanpää
7:47 Feudal Age
9:08 Double-Bit Axe
11:30 Castle Age
9:17 Double-Bit Axe
9:32 Horse Collar
9:52 Loom
12:57 Bow Saw
13:39 Heavy Plow
16:11 Loom
16:27 Town Watch
17:27 Wheelbarrow
18:54 Gold Mining
23:40 Imperial Age
21:06 Stone Mining
22:02 Hand Cart
22:11 Scale Barding Armor
22:43 Forging
24:50 Chain Barding Armor
24:53 Conscription
24:00 Capped Ram
26:14 Two-Man Saw
26:13 Plate Barding Armor
28:27 Elite Boyar
29:25 Fletching
29:47 Masonry
29:57 Ballistics
30:10 Husbandry
30:20 Bloodlines
30:56 Detinets
32:47 Chemistry
31:52 Siege Engineers
32:59 Gold Shaft Mining
33:13 Bodkin Arrow
33:59 Iron Casting
33:54 Man-at-Arms
34:34 Squires
34:36 Scale Mail Armor
35:30 Padded Archer Armor
34:52 Long Swordsman
35:16 Siege Ram
35:32 Pikeman
35:32 Two-Handed Swordsman
36:50 Chain Mail Armor
38:43 Plate Mail Armor
39:14 Blast Furnace
38:48 Crop Rotation
38:13 Champion
39:53 Leather Archer Armor
Tauno Palo
0:28 Loom
7:28 Feudal Age
8:02 Feudal Age
9:36 Double-Bit Axe
11:56 Castle Age
13:29 Wheelbarrow
13:14 Bow Saw
13:14 Fletching
13:35 Horse Collar
16:26 Gold Mining
18:33 Hand Cart
23:03 Imperial Age
20:50 Padded Archer Armor
21:35 Bodkin Arrow
24:16 Conscription
24:04 Bracer
24:20 Leather Archer Armor
23:53 Capped Ram
25:53 Chemistry
25:04 Elite Chu Ko Nu
26:49 Ring Archer Armor
26:31 Siege Ram
27:55 Ballistics
36:58 Ring Archer Armor
36:29 Scale Mail Armor
36:39 Forging
37:13 Heavy Rocket Cart
38:43 Thumb Ring
38:53 Masonry
Connection lost

Rejoining the realm…

Still unreachable

The connection could not be restored.

Session expired

The server has moved on; the page needs a fresh start.